Map: Nightscape LE

Players

qqq

  • Race: Zerg Zerg
  • Spawn Location: 7:00

Massa

  • Race: Terran Terran
  • League: Platinum
  • Spawn Location: 7:00

Sduiliams - Winner!

  • Race: Protoss Protoss
  • League: Diamond
  • Spawn Location: 1:00

SgtPepperoni - Winner!

  • Race: Zerg Zerg
  • Spawn Location: 1:00

VOD

Have the link to the VOD?

Description

Time

  • Played on: Nov. 14, 2020, 8:30 a.m.
  • Length: 19:32
Show
View Real Time Build Order
Export as new Build Order

qqq Zerg 

Build Orders: Hatch First, Lurkers 

Get SALT Encoding   

  12  0:01  Drone  
  14  0:14  Drone  
  14  0:46  Hatchery  
  13  0:53  Drone, Overlord  
  14  1:04  Spawning Pool  
  13  1:14  Drone x2  
  13  1:16  Extractor  
  14  1:20  Drone  
  15  1:26  Drone  
  16  1:44  Drone  
  17  1:49  Drone  
  17  1:52  Queen  
  20  2:00  Queen  
  22  2:07  Drone  
  23  2:08  Drone  
  24  2:32  Lair  
  23  2:44  Drone x3  
  26  2:51  Drone x2  
  26  2:55  Extractor  
  26  2:57  Drone  
  28  3:07  Overlord  
  28  3:08  Overlord  
  28  3:12  Spine Crawler  
  27  3:14  Zergling x2  
  29  3:27  Zergling x8, Baneling Nest  
  29  3:28  Zergling x6  
  29  3:31  Metabolic Boost  
  34  3:53  Drone x2  
  34  3:54  Drone x2  
  38  4:02  Drone, Hydralisk Den  
  38  4:03  Drone x2  
  38  4:06  Drone  
  39  4:24  Baneling x2  
  39  4:25  Baneling  
  39  4:28  Zergling x4  
  40  4:36  Drone x2  
  40  4:37  Drone, Zergling x2  
  44  4:45  Hydralisk  
  41  4:47  Overlord x2  
  43  4:53  Drone, Lurker Den  
  43  4:54  Drone  
  43  4:59  Spine Crawler  
  41  5:13  Drone, Zergling x4  
  41  5:14  Drone x4  
  47  5:26  Hydralisk x4  
  47  5:28  Drone  
  54  5:30  Muscular Augments  
  54  5:35  Extractor  
  53  5:37  Extractor  
  52  5:43  Drone  
  52  5:45  Drone, Evolution Chamber  
  53  6:00  Lurker  
  54  6:09  Hatchery  
  53  6:13  Hatchery, Lurker  
  53  6:18  Lurker  
  54  6:31  Drone x2  
  54  6:32  Drone x3  
  59  6:34  Overlord x4  
  59  6:52  Hydralisk x3  
  65  6:59  Infestation Pit  
  62  7:13  Hydralisk x2  
  63  7:23  Hydralisk  
  63  7:24  Hydralisk x2  
  63  7:25  Hydralisk x3  
  63  7:29  Lurker  
  76  7:32  Queen  
  74  7:53  Lurker x2  
  74  7:58  Drone x5  
  73  7:59  Drone x4  
  73  8:02  Hive  
  73  8:05  Zergling x6  
  82  8:13  Grooved Spines  
  82  8:19  Drone x2  
  78  8:35  Drone x2  
  78  8:36  Drone x2  
  78  8:41  Hydralisk x2  
  82  8:43  Zergling x8  
  82  8:44  Drone  
  91  8:53  Hatchery  
  90  9:06  Lurker x5  
  95  9:14  Drone  
  95  9:15  Drone x2  
  98  9:19  Extractor  
  98  9:20  Extractor  
  96  9:30  Seismic Spines  
  96  9:32  Zergling x4  
  96  9:33  Overlord x4  
  98  9:39  Hatchery  
  97  9:56  Zerg Missile Weapons Level 1  
  97  10:00  Evolution Chamber  
  97  10:03  Drone x3  
  97  10:04  Ultralisk Cavern, Hydralisk  
  97  10:05  Zergling x2  
  97  10:06  Zergling x6  
  104  10:27  Zerg Melee Weapons Level 1  
  72  10:40  Hydralisk  
  72  10:41  Hydralisk x3  
  70  11:09  Hydralisk x3  
  71  11:11  Zergling x8  
  71  11:12  Drone x2, Zergling x2, Overlord  
  71  11:13  Drone x4  
  82  11:25  Drone x3  
  85  11:26  Drone x3  
  85  11:27  Pneumatized Carapace  
  88  11:33  Overseer  
  88  11:37  Spore Crawler  
  87  11:41  Spine Crawler  
  87  11:43  Spine Crawler  
  87  11:45  Drone x4  
  87  11:46  Drone  
  86  11:48  Drone  
  86  11:49  Overlord x7  
  86  11:50  Zerg Ground Armor Level 1, Overlord x2  
  87  11:57  Queen  
  87  11:59  Drone  
  90  12:09  Ultralisk  
  90  12:10  Zergling x10  
  90  12:11  Drone x3  
  104  12:33  Queen  
  106  12:43  Drone x2  
  106  12:44  Drone x4  
  111  12:46  Extractor  
  111  12:47  Extractor  
  106  12:56  Zergling x2, Ultralisk  
  106  12:57  Zergling x16  
  106  12:58  Zergling x2  
  107  13:15  Drone x2  
  109  13:29  Lurker x3  
  109  13:30  Drone x3  
  109  13:31  Drone x3  
  110  13:47  Hydralisk x7  
  110  13:48  Hydralisk x3  
  119  13:49  Drone x2  
  120  14:07  Anabolic Synthesis  
  118  14:13  Zergling x2  
  118  14:14  Zergling x14  
  97  14:31  Zergling x4  
  97  14:32  Zergling x4  
  97  14:33  Drone x3  
  91  14:50  Chitinous Plating  
  81  14:57  Drone  
  81  14:58  Drone  
  62  15:05  Spire  
  61  15:14  Drone  
  61  15:17  Extractor  
  61  15:18  Extractor  
  60  15:22  Zergling x8  
  60  15:23  Zergling x10  
  60  15:27  Drone  
  60  15:28  Drone  
  56  15:52  Spore Crawler  
  56  15:56  Overseer  
  47  16:17  Corruptor x6  
  47  16:18  Corruptor x3  
  60  16:23  Zerg Flyer Weapons Level 1  
  64  16:33  Corruptor x3  
  70  16:40  Corruptor x2  
  70  16:41  Corruptor  
  76  16:51  Viper  
  76  16:53  Viper  
  82  16:55  Corruptor  
  84  17:06  Overlord  
  84  17:07  Viper  
  87  17:36  Corruptor x2  
  87  17:37  Corruptor x3  
  87  17:39  Zergling x8  
  101  17:53  Corruptor  
  101  17:54  Corruptor  
  101  17:56  Corruptor  
  59  18:35  Corruptor  
  59  18:36  Corruptor x4  
  56  18:59  Corruptor x3  
  56  19:00  Corruptor  
  44  19:08  Zergling x2  
Show
View Real Time Build Order
Export as new Build Order

Massa Terran 

Build Orders:  

Get SALT Encoding   

  12  0:00  SCV  
  13  0:17  SCV  
  13  0:19  Supply Depot  
  14  0:29  SCV  
  15  0:41  SCV  
  15  0:42  Barracks  
  16  0:47  Refinery  
  16  0:53  SCV  
  17  1:05  SCV  
  18  1:17  SCV  
  19  1:29  SCV  
  20  1:36  Command Center  
  20  1:39  Barracks Reactor  
  20  1:43  Orbital Command  
  20  2:09  SCV  
  21  2:16  Marine x2  
  23  2:23  Factory  
  23  2:34  Supply Depot  
  23  2:48  SCV, Marine x2  
  26  2:57  Orbital Command  
  26  3:00  SCV  
  27  3:05  Marine x2  
  27  3:12  SCV  
  30  3:18  Starport  
  30  3:19  Factory Tech Lab  
  30  3:23  Marine x2, Factory Reactor  
  30  3:24  SCV  
  33  3:27  SCV  
  34  3:35  Engineering Bay  
  34  3:36  SCV  
  34  3:39  SCV  
  36  3:41  Marine x2  
  36  3:43  Barracks  
  36  3:46  Command Center  
  37  3:59  Marine x2  
  37  4:01  Hellion x2  
  43  4:03  Medivac  
  43  4:08  SCV  
  46  4:14  Supply Depot  
  46  4:34  Barracks Tech Lab  
  46  4:35  Marine x2  
  46  4:36  SCV x2, Hellion x2  
  48  4:55  Marine  
  48  4:56  Marauder, Marine  
  50  5:02  Medivac  
  50  5:05  Hellion x2  
  55  5:13  Marine  
  56  5:16  Refinery, Orbital Command  
  56  5:17  Marauder  
  56  5:32  Marine x2  
  56  5:35  Stimpack  
  58  5:38  Marauder  
  58  5:41  Barracks  
  60  5:45  Refinery, Missile Turret  
  60  5:49  Missile Turret  
  60  5:50  Marine  
  60  5:53  Refinery, SCV x2  
  60  5:54  SCV  
  64  5:58  Medivac  
  66  6:06  SCV x3  
  69  6:25  Supply Depot  
  69  6:26  Supply Depot  
  69  6:27  Supply Depot  
  69  6:29  Supply Depot  
  69  6:46  SCV, Marine  
  69  6:47  Widow Mine x2, SCV, Marauder  
  77  6:52  Supply Depot  
  77  6:53  Supply Depot  
  76  7:06  Marine x2  
  76  7:08  Marauder  
  74  7:24  Barracks Tech Lab, Marine x2  
  74  7:25  Concussive Shells  
  74  7:29  Marauder  
  78  7:31  Starport Reactor  
  78  7:39  Factory Tech Lab, Barracks  
  78  7:41  Barracks  
  78  7:42  Marine x2  
  80  7:51  Marauder  
  82  7:59  Marine  
  82  8:00  Marine  
  84  8:07  Combat Shield  
  84  8:12  Marauder  
  86  8:16  Orbital Command  
  86  8:30  Siege Tank  
  86  8:34  Marauder  
  91  8:37  SCV x2  
  93  8:45  SCV  
  93  8:47  Missile Turret  
  94  8:49  SCV x2  
  94  8:54  Terran Infantry Armor Level 1  
  96  8:57  SCV  
  96  8:59  Armory  
  96  9:00  Engineering Bay  
  96  9:01  SCV x2  
  96  9:02  Siege Tank  
  102  9:06  Missile Turret  
  102  9:09  SCV  
  103  9:11  Sensor Tower  
  103  9:12  Medivac, Viking  
  107  9:17  Refinery  
  107  9:27  Missile Turret  
  107  9:29  Terran Infantry Weapons Level 1  
  107  9:37  Missile Turret  
  107  9:42  Medivac  
  109  9:47  Missile Turret  
  109  9:51  Medivac  
  111  10:12  Medivac  
  95  10:54  SCV x3  
  98  11:00  Refinery  
  98  11:06  SCV x3  
  101  11:14  Marauder  
  101  11:15  Marine x2  
  101  11:18  SCV x2  
  103  11:32  Marine  
  103  11:33  Marine  
  103  11:36  Marauder  
  107  11:50  Marine  
  107  11:51  Marine  
  109  11:57  Marauder  
  111  12:06  Barracks Reactor  
  111  12:08  Marine  
  111  12:09  Marine  
  113  12:18  Marauder  
  114  12:40  Marauder  
  115  12:48  Siege Tank  
  117  12:59  Marine  
  117  13:11  Supply Depot  
  117  13:13  Supply Depot x2  
  117  13:14  Supply Depot x2  
  117  13:16  Supply Depot  
  117  13:17  Marine, Supply Depot x2  
  117  13:18  Marine x2  
  117  13:25  Marine  
  117  13:26  Marine x2  
  117  13:28  Marauder  
  117  13:30  Marauder  
  117  13:31  Medivac  
  117  13:32  Medivac  
  117  13:33  Siege Tank  
  117  13:34  Supply Depot  
  117  13:35  Marine  
  117  13:36  Marine x2  
  117  13:37  Supply Depot  
  98  13:43  Marine  
  98  13:44  Marine x2  
  89  13:49  Marauder  
  89  13:51  Marauder  
  89  13:53  Marine  
  89  13:54  Marine x2  
  94  14:01  Marine x2, Viking  
  94  14:02  Marine, Viking  
  97  14:05  Siege Tank  
  100  14:10  Marauder  
  100  14:11  Marine  
  100  14:12  Marauder  
  103  14:31  Viking  
  103  14:32  Marauder, Viking  
  103  14:34  Marauder  
  103  14:37  Siege Tank  
  93  14:53  Marauder  
  93  14:55  Marauder  
  93  14:57  Marine x6  
  94  15:00  SCV x3  
  94  15:01  Viking  
  94  15:02  Viking  
  99  15:12  SCV x2  
  99  15:13  SCV  
  100  15:14  Marauder, Marine  
  100  15:15  Marine x5  
  100  15:16  Marauder  
  110  15:24  SCV x2  
  112  15:32  Marine, Command Center  
  112  15:33  Marine x5  
  112  15:35  Viking x2  
  122  15:36  Marauder  
  122  15:38  Marauder  
  126  15:43  Terran Infantry Weapons Level 2  
  126  15:50  Marine  
  126  15:51  Marine x5  
  130  15:57  Marauder  
  130  15:59  Marauder  
  129  16:04  Viking x2  
  131  16:18  Marine  
  131  16:20  Marine  
  123  16:34  Viking x2  
  123  16:36  Marauder, Marine x4  
  123  16:38  Marauder  
  135  16:48  Starport  
  135  16:50  Barracks Tech Lab  
  135  16:54  Barracks, Marine x4  
  135  16:55  Barracks  
  135  16:58  Marauder  
  135  17:00  Marauder  
  143  17:04  Viking x2  
  147  17:12  Marine x4  
  147  17:13  Terran Infantry Armor Level 2  
  147  17:15  Terran Vehicle And Ship Armor Level 1  
  151  17:19  Marauder  
  151  17:21  Marauder  
  155  17:29  Marine  
  156  17:41  Marauder  
  156  17:43  Marauder  
  160  17:51  Sensor Tower  
  160  18:02  Marauder  
  160  18:04  Marauder  
  155  18:12  Orbital Command  
  148  18:23  Marauder  
  142  18:29  Viking  
  142  18:30  Viking x3  
  142  18:32  Marine  
  142  18:33  Marine x7  
  158  18:44  Marine  
  150  18:50  Marine  
  150  18:51  Marine x4  
  135  18:59  Viking  
  135  19:00  Viking  
Show
View Real Time Build Order
Export as new Build Order

Sduiliams Protoss - Winner!

Build Orders: Blink Stalkers, Carriers 

Get SALT Encoding   

  12  0:00  Probe  
  13  0:13  Probe  
  14  0:18  Pylon  
  14  0:25  Probe  
  15  0:37  Probe (Chrono Boost)  
  15  0:38  Gateway  
  16  0:48  Assimilator  
  16  0:49  Probe (Chrono Boost)  
  17  0:55  Probe (Chrono Boost)  
  18  1:02  Assimilator  
  18  1:04  Probe (Chrono Boost)  
  19  1:16  Probe (Chrono Boost)  
  20  1:23  Probe (Chrono Boost)  
  21  1:25  Cybernetics Core  
  21  1:29  Pylon  
  21  1:30  Probe  
  22  1:42  Probe  
  23  1:47  Gateway  
  23  1:54  Probe  
  24  2:02  Twilight Council  
  24  2:06  Stalker  
  26  2:10  Warp Gate  
  26  2:11  Probe  
  27  2:23  Probe  
  28  2:33  Pylon  
  28  2:35  Stalker  
  30  2:41  Pylon  
  30  2:47  Blink (Chrono Boost)  
  30  2:51  Stalker  
  32  3:05  Stalker  
  34  3:21  Stalker  
  36  3:31  Nexus  
  36  3:33  Probe  
  37  3:57  Probe  
  37  3:58  Stalker  
  37  4:00  Stalker  
  42  4:04  Pylon  
  42  4:09  Probe  
  43  4:21  Probe  
  42  4:54  Probe x2  
  44  5:13  Stalker x2  
  42  5:30  Probe (Chrono Boost)  
  44  5:36  Probe (Chrono Boost)  
  44  5:38  Stalker x2  
  48  5:44  Probe (Chrono Boost)  
  48  5:45  Nexus, Assimilator, Forge  
  48  5:48  Pylon  
  48  5:49  Pylon, Assimilator  
  50  5:51  Gateway  
  50  5:52  Assimilator  
  50  5:53  Probe (Chrono Boost), Robotics Facility  
  50  5:55  Probe (Chrono Boost)  
  50  5:56  Assimilator  
  51  6:00  Probe (Chrono Boost)  
  51  6:01  Pylon  
  51  6:02  Probe (Chrono Boost)  
  53  6:09  Probe  
  54  6:11  Charge  
  54  6:12  Probe  
  55  6:21  Probe  
  55  6:24  Probe  
  57  6:25  Photon Cannon  
  57  6:28  Photon Cannon  
  57  6:29  Photon Cannon  
  57  6:33  Probe  
  57  6:35  Photon Cannon  
  57  6:36  Probe  
  59  6:40  Observer  
  59  6:45  Probe  
  61  6:48  Probe  
  59  6:57  Probe  
  59  7:01  Probe  
  47  7:26  Photon Cannon  
  47  7:29  Stalker  
  49  7:30  Stalker x2  
  49  7:31  Probe (Chrono Boost)  
  55  7:37  Probe x2 (Chrono Boost)  
  55  7:40  Probe (Chrono Boost)  
  58  7:44  Probe x2 (Chrono Boost)  
  58  7:56  Probe (Chrono Boost)  
  58  7:57  Probe (Chrono Boost)  
  61  8:00  Probe (Chrono Boost)  
  61  8:01  Pylon  
  61  8:03  Pylon  
  61  8:08  Probe x2 (Chrono Boost)  
  61  8:12  Probe (Chrono Boost)  
  64  8:13  Probe x2 (Chrono Boost)  
  64  8:17  Warp Prism  
  68  8:20  Probe  
  68  8:23  Probe  
  70  8:32  Probe  
  71  8:42  Stargate  
  71  8:44  Probe  
  71  8:46  Stargate  
  71  8:47  Probe x2 (Chrono Boost)  
  71  8:48  Pylon  
  74  8:49  Pylon  
  74  8:53  Templar Archives, Photon Cannon  
  74  8:56  Photon Cannon  
  74  8:57  Dark Shrine  
  74  8:59  Probe (Chrono Boost)  
  74  9:01  Probe (Chrono Boost)  
  77  9:02  Probe (Chrono Boost)  
  77  9:07  Observer  
  77  9:08  Probe (Chrono Boost)  
  77  9:09  Probe (Chrono Boost)  
  81  9:12  Probe (Chrono Boost)  
  81  9:21  Probe x3  
  84  9:42  Probe x3  
  87  9:47  Fleet Beacon  
  87  9:54  Probe  
  87  9:59  Robotics Bay  
  88  10:01  Protoss Ground Weapons Level 1, Gateway  
  88  10:05  Gateway  
  88  10:10  Photon Cannon  
  88  10:11  Photon Cannon  
  88  10:12  Pylon  
  88  10:17  Protoss Air Weapons Level 1  
  86  10:23  Nexus  
  86  10:25  Pylon  
  86  10:27  Pylon  
  86  10:37  Nexus  
  84  10:46  Dark Templar x3  
  89  10:51  Colossus (Chrono Boost)  
  95  11:03  Photon Cannon  
  95  11:07  Photon Cannon  
  95  11:09  Photon Cannon  
  95  11:10  Shadow Stride  
  95  11:14  Photon Cannon  
  95  11:16  Shield Battery  
  95  11:18  Shield Battery  
  95  11:29  Psionic Storm  
  95  11:30  Probe  
  96  11:34  Colossus (Chrono Boost), Stalker x4  
  96  11:37  Probe  
  111  11:41  Probe x2  
  111  11:43  Probe  
  112  11:49  Probe  
  112  11:52  Photon Cannon  
  112  11:53  Probe  
  112  11:54  Pylon  
  112  11:59  Stalker  
  112  12:00  Stalker x3  
  118  12:08  Carrier  
  118  12:15  Colossus (Chrono Boost)  
  128  12:32  Photon Cannon  
  128  12:34  Photon Cannon  
  128  12:36  Photon Cannon  
  128  12:38  Carrier  
  128  12:40  Assimilator  
  130  12:44  Assimilator  
  130  12:49  Photon Cannon  
  130  12:50  Photon Cannon  
  129  13:05  Stalker x5  
  138  13:13  Carrier  
  138  13:15  Pylon  
  138  13:18  Photon Cannon  
  143  13:33  Probe x4  
  147  13:42  Carrier  
  147  13:43  Nexus  
  147  13:45  Probe  
  154  14:17  Carrier  
  157  14:33  Dark Templar  
  158  14:45  Pylon  
  158  14:48  Pylon  
  158  14:50  Pylon  
  158  14:57  Nexus  
  158  15:04  Carrier  
  164  15:15  Pylon  
  164  15:18  Pylon  
  164  15:20  Pylon  
  170  15:21  Carrier  
  170  15:22  Assimilator  
  170  15:25  Protoss Ground Weapons Level 2  
  170  15:27  Assimilator  
  170  15:45  Dark Templar x2  
  167  16:08  Carrier  
  173  16:23  Probe x4  
  183  16:25  Carrier  
  183  16:27  Photon Cannon  
  183  16:30  Photon Cannon x2  
  183  16:33  Photon Cannon, Assimilator  
  183  16:35  Probe x2  
  183  16:36  Assimilator  
  183  16:38  Pylon  
  185  16:41  Pylon, Forge x2  
  185  16:52  Photon Cannon  
  185  16:54  Photon Cannon  
  185  16:56  Photon Cannon  
  185  16:57  Photon Cannon  
  185  17:00  Probe x2  
  187  17:05  Pylon  
  187  17:10  Pylon  
  187  17:12  Pylon  
  187  17:15  Assimilator  
  187  17:20  Assimilator  
  187  17:24  Pylon  
  187  18:00  Observer  
  182  18:21  Observer  
  183  18:42  Observer  
  183  19:04  Observer  
  183  19:08  Dark Templar x5  
  193  19:17  Stargate, Robotics Facility  
  192  19:18  Stargate x2  
  192  19:19  Pylon  
  192  19:21  Pylon  
  192  19:23  Pylon  
Show
View Real Time Build Order
Export as new Build Order

SgtPepperoni Zerg - Winner!

Build Orders: Hatch First, Brood Lord Corruptor 

Get SALT Encoding   

  12  0:00  Drone  
  13  0:08  Drone  
  14  0:35  Overlord  
  14  0:42  Hatchery  
  14  0:45  Drone  
  14  0:53  Drone  
  14  0:54  Drone  
  16  1:02  Drone  
  17  1:08  Drone  
  17  1:09  Extractor  
  17  1:18  Spawning Pool  
  17  1:21  Drone  
  17  1:29  Drone  
  18  1:40  Drone  
  19  1:54  Overlord  
  19  2:05  Queen  
  19  2:06  Queen  
  23  2:17  Drone  
  23  2:19  Drone  
  23  2:22  Drone  
  26  2:25  Zergling x2  
  26  2:29  Zergling x2  
  28  2:32  Zergling x2  
  28  2:35  Drone  
  30  2:40  Metabolic Boost  
  30  2:41  Queen x2  
  34  2:50  Overlord  
  34  2:52  Overlord  
  34  2:59  Zergling x2  
  34  3:00  Drone  
  36  3:07  Overlord  
  36  3:17  Drone x2, Zergling x6  
  36  3:18  Drone  
  42  3:27  Drone x2, Zergling x4  
  46  3:34  Lair  
  46  3:55  Drone x3, Zergling x6  
  49  3:56  Drone, Zergling x2  
  49  4:01  Drone x3  
  56  4:04  Extractor  
  56  4:09  Extractor  
  54  4:11  Drone  
  54  4:12  Drone  
  56  4:21  Extractor  
  54  4:44  Drone x3, Zergling x6  
  54  4:45  Drone  
  50  5:06  Roach Warren  
  49  5:08  Nydus Network  
  48  5:15  Drone x3  
  48  5:17  Overlord x2  
  48  5:18  Overlord x2  
  50  5:22  Nydus Network  
  47  5:32  Drone  
  47  5:33  Drone x4  
  47  5:34  Overlord  
  52  5:47  Glial Reconstitution  
  54  5:50  Roach x5  
  54  5:56  Roach x4  
  70  6:07  Evolution Chamber x2  
  70  6:11  Roach x3  
  74  6:18  Roach x4  
  82  6:22  Nydus Canal  
  82  6:28  Nydus Canal  
  82  6:30  Roach x2  
  82  6:31  Roach x2  
  90  6:35  Zerg Missile Weapons Level 1  
  90  6:36  Zerg Ground Armor Level 1  
  90  6:40  Roach x2  
  94  7:28  Drone  
  95  7:31  Spire  
  95  7:32  Infestation Pit  
  95  7:35  Drone x2  
  95  7:36  Drone  
  96  7:38  Spire  
  95  7:58  Overseer  
  95  7:59  Overseer x2  
  95  8:01  Pneumatized Carapace  
  95  8:44  Hive  
  95  9:03  Zerg Flyer Armor Level 1, Zerg Flyer Weapons Level 1  
  95  9:04  Extractor, Zerg Ground Armor Level 2, Zerg Melee Weapons Level 1  
  95  9:05  Hatchery, Extractor  
  92  9:16  Hatchery  
  91  9:17  Extractor  
  91  9:18  Extractor  
  89  9:25  Mutalisk x3  
  89  9:29  Mutalisk  
  97  9:43  Drone x3  
  100  9:49  Overlord x15  
  100  9:50  Overlord  
  100  9:55  Nydus Canal  
  70  10:58  Queen  
  70  11:00  Queen  
  74  11:05  Greater Spire  
  74  11:06  Greater Spire  
  74  11:08  Corruptor  
  74  11:09  Corruptor x6  
  74  11:10  Corruptor x2  
  78  11:14  Corruptor  
  80  11:34  Queen  
  80  11:35  Queen  
  80  11:36  Drone  
  80  11:37  Drone x6  
  80  11:38  Drone  
  92  11:40  Drone x2  
  92  11:41  Drone  
  92  11:42  Drone  
  96  12:05  Mutalisk x4  
  104  12:19  Brood Lord x2  
  104  12:21  Brood Lord  
  110  12:25  Brood Lord  
  110  12:27  Brood Lord  
  114  12:33  Brood Lord  
  116  12:37  Corruptor  
  116  12:42  Corruptor  
  120  12:57  Corruptor x2  
  124  13:00  Zergling x20  
  124  13:01  Zergling x2  
  124  13:03  Zergling x2  
  132  13:39  Corruptor  
  132  13:40  Corruptor x3  
  126  14:09  Mutalisk  
  126  14:10  Mutalisk x3, Corruptor x4  
  132  15:02  Hatchery  
  131  15:15  Brood Lord x3  
  131  15:16  Brood Lord x3  
  131  15:17  Brood Lord  
  145  15:23  Brood Lord  
  147  15:32  Zerg Melee Weapons Level 2  
  147  15:52  Zerg Flyer Weapons Level 2  
  147  15:58  Zerg Flyer Armor Level 2  
  147  16:35  Corruptor x5  
  157  17:20  Hatchery  
  157  17:21  Extractor  
  155  17:43  Corruptor x4  
  155  17:44  Corruptor  
  138  19:05  Zergling x2  
  138  19:06  Zergling x56  
  138  19:07  Zergling x14  
Tags
 
Add a new tag
Caveats
  • Supply blocks, unpowered buildings, or Contaminate may cause inaccurate times.
  • Supply counts are checked every 10 seconds.